Map: Alcyone LE

Players

Applepi - Winner!

  • Race: Zerg Zerg
  • League: Bronze
  • Spawn Location: 7:00

A.I. 1 (Hard)

  • Race: Terran Terran
  • Spawn Location: 1:00

VOD

Have the link to the VOD?

Description

Time

  • Played on: May 8, 2025, 11:27 a.m.
  • Length: 8:59
Show
View Real Time Build Order
Export as new Build Order

Applepi Zerg - Winner!

Build Orders: Pool First 

Get SALT Encoding   

  12  0:03  Drone  
  13  0:13  Overlord  
  13  0:17  Drone  
  14  0:31  Drone  
  14  0:32  Drone  
  16  0:38  Extractor  
  15  0:46  Spawning Pool  
  15  0:47  Drone  
  15  0:51  Drone  
  16  1:03  Drone  
  17  1:10  Drone  
  18  1:24  Hatchery  
  17  1:26  Drone  
  18  1:33  Overlord  
  18  1:46  Queen  
  20  1:50  Drone  
  21  1:57  Drone  
  22  2:02  Drone  
  23  2:14  Drone  
  24  2:22  Queen  
  26  2:24  Drone  
  27  2:34  Zergling x2  
  29  2:37  Zergling x2  
  29  2:40  Queen  
  31  2:48  Overlord  
  31  2:53  Zergling x2  
  32  3:00  Drone x2  
  34  3:11  Drone x3  
  37  3:16  Queen  
  39  3:24  Evolution Chamber  
  38  3:29  Drone  
  38  3:30  Drone x4, Roach Warren  
  42  3:36  Overlord  
  42  3:55  Lair  
  42  4:00  Drone  
  42  4:01  Drone  
  42  4:02  Extractor, Drone  
  44  4:04  Drone x3  
  47  4:10  Overlord  
  47  4:11  Overlord  
  47  4:22  Roach  
  47  4:23  Roach  
  51  4:37  Zerg Missile Weapons Level 1  
  51  4:40  Metabolic Boost  
  51  4:44  Drone  
  51  4:45  Drone  
  53  4:52  Roach x4  
  61  4:55  Overlord x2  
  61  5:03  Drone x2  
  61  5:05  Drone  
  64  5:12  Drone  
  65  5:18  Roach  
  65  5:19  Roach x4  
  75  5:22  Glial Reconstitution  
  72  5:39  Roach x5  
  72  5:41  Overlord x2  
  80  5:50  Hatchery  
  79  5:59  Roach x3  
  79  6:01  Roach x2  
  89  6:14  Drone x3  
  89  6:15  Drone x2  
  94  6:22  Overlord  
  94  6:26  Overlord  
  94  6:32  Zerg Melee Weapons Level 1  
  94  6:33  Roach x2  
  94  6:39  Roach  
  100  6:46  Drone x4  
  104  6:56  Overlord x2  
  104  6:59  Roach x5  
  114  7:03  Queen  
  116  7:19  Roach x6  
  128  7:34  Roach x5  
  128  7:36  Overlord x2  
  137  7:46  Queen  
  127  7:52  Overlord x2  
  127  7:55  Roach  
  127  7:56  Roach x3  
  127  7:57  Roach  
  127  7:58  Roach  
  129  8:14  Roach x4  
  137  8:23  Drone x4  
  137  8:24  Extractor, Drone x2  
  142  8:27  Extractor  
  141  8:39  Roach  
  141  8:40  Roach x3  
Show
View Real Time Build Order
Export as new Build Order

A.I. 1 (Hard) Terran 

Build Orders:  

Get SALT Encoding   

  12  0:00  SCV  
  13  0:13  SCV  
  14  0:19  Supply Depot  
  14  0:25  SCV  
  15  0:40  SCV  
  15  0:42  Barracks  
  16  0:47  Refinery  
  16  0:52  SCV  
  17  1:04  SCV  
  18  1:17  SCV  
  19  1:19  Supply Depot  
  19  1:29  SCV, Marine  
  21  1:40  Barracks  
  21  1:41  Orbital Command  
  21  1:48  Barracks Tech Lab, Refinery  
  21  2:06  Marine  
  21  2:07  Supply Depot  
  22  2:24  Marine  
  22  2:26  Marine  
  24  2:42  Marine  
  25  2:44  Marine  
  25  2:45  Supply Depot  
  27  2:51  SCV  
  27  3:00  Marine  
  27  3:02  Marine  
  27  3:03  SCV  
  30  3:05  Engineering Bay  
  30  3:15  SCV  
  30  3:18  Marine  
  32  3:20  Marine  
  32  3:24  Supply Depot  
  33  3:27  SCV  
  34  3:36  Marauder  
  34  3:38  Marine  
  34  3:39  SCV  
  38  3:51  SCV  
  39  3:57  Marauder  
  41  4:19  Marauder  
  43  4:52  Barracks Tech Lab, Stimpack  
  43  4:53  Factory, Terran Infantry Weapons Level 1  
  43  4:55  Factory  
  43  5:07  Marauder  
  43  5:09  Missile Turret  
  43  5:10  Combat Shield  
  43  5:13  Missile Turret  
  45  5:15  Marauder  
  45  5:18  Supply Depot  
  47  5:29  Marauder  
  49  5:36  Bunker  
  49  5:37  Marine  
  49  5:42  Command Center, Starport  
  46  5:46  Starport  
  46  5:50  Ghost Academy, Marine, Factory Tech Lab  
  46  5:51  Factory Tech Lab  
  46  5:55  Marine  
  48  6:19  Ghost, Starport Tech Lab  
  48  6:22  Starport Tech Lab  
  51  6:29  Concussive Shells  
  51  6:30  Barracks  
  51  6:37  Raven  
  53  6:47  Terran Infantry Armor Level 1, Raven  
  55  6:54  SCV  
  55  6:56  SCV  
  57  7:05  Refinery  
  57  7:07  SCV, Missile Turret  
  57  7:08  SCV  
  59  7:09  Missile Turret  
  59  7:13  Sensor Tower  
  59  7:15  Refinery  
  59  7:17  Armory, Barracks Reactor  
  59  7:19  SCV  
  59  7:20  SCV  
  61  7:30  Bunker  
  61  7:31  SCV  
  61  7:32  SCV  
  63  7:43  SCV  
  64  7:44  SCV  
  64  7:45  Marine  
  56  7:52  Marine  
  56  7:55  SCV  
  56  7:56  SCV  
  46  7:59  Marine  
  45  8:06  Marine  
  43  8:14  Marine  
  43  8:18  Viking  
  40  8:25  Marine  
  34  8:32  Marine  
  26  8:39  Marine  
Tags
 
League
Bronze
Matchup
TvZ
Opening
Pool First
Spawn Locations
Cross Positions
Add a new tag
Caveats
  • Supply blocks, unpowered buildings, or Contaminate may cause inaccurate times.
  • Supply counts are checked every 10 seconds.